Map: [ESL] Dragon Scales

Players

Bunny

  • Race: Terran Terran

Lambo - Winner!

  • Race: Zerg Zerg

Event: IEM Katowice 2023

VOD

Have the link to the VOD?

Description

Time

  • Played on: Feb. 9, 2023, 1:06 p.m.
  • Length: 12:40

All games in this series

Show
View Real Time Build Order
Export as new Build Order

Bunny Terran 

Build Orders: Hellion Opening, Reaper Expand 

Get SALT Encoding   

  12  0:00  SCV  
  13  0:12  SCV  
  14  0:17  Supply Depot  
  14  0:24  SCV  
  15  0:39  SCV  
  15  0:41  Barracks  
  16  0:43  Refinery  
  16  0:51  SCV  
  17  1:03  SCV  
  18  1:15  SCV  
  19  1:27  Orbital Command  
  19  1:28  Reaper  
  20  1:39  Command Center  
  20  1:52  Supply Depot  
  20  1:53  SCV  
  21  2:00  Marine  
  22  2:05  SCV  
  22  2:08  Factory  
  23  2:17  SCV  
  23  2:20  Barracks Reactor  
  24  2:29  SCV  
  25  2:37  Command Center  
  25  2:41  SCV  
  26  2:50  Orbital Command  
  26  2:53  SCV  
  27  2:59  Starport  
  27  3:02  Refinery  
  27  3:05  SCV  
  27  3:08  Hellion  
  27  3:12  Hellion  
  32  3:17  SCV x2  
  32  3:18  Barracks Tech Lab  
  34  3:29  SCV  
  34  3:30  SCV, Hellion  
  34  3:33  Hellion  
  40  3:41  SCV  
  40  3:42  SCV  
  40  3:44  Raven  
  44  3:50  Orbital Command  
  44  3:51  Barracks Tech Lab  
  44  3:52  Hellion  
  44  3:55  SCV, Hellion  
  48  3:56  SCV  
  50  4:08  SCV x2, Supply Depot  
  50  4:09  Marine  
  53  4:15  Hellion  
  53  4:16  Hellion  
  59  4:25  SCV x2  
  59  4:27  Orbital Command  
  59  4:30  Marine  
  62  4:31  Supply Depot  
  62  4:32  Supply Depot  
  62  4:37  SCV  
  62  4:38  SCV  
  62  4:42  Barracks  
  62  4:43  Refinery x2  
  62  4:44  Engineering Bay, Barracks  
  62  4:47  Stimpack  
  62  4:50  Engineering Bay, SCV x2  
  64  5:01  SCV  
  64  5:02  SCV x2  
  67  5:07  Siege Tank  
  67  5:11  Supply Depot  
  67  5:13  SCV, Supply Depot  
  67  5:14  SCV x2  
  72  5:15  Marine, Starport Reactor  
  74  5:21  Terran Infantry Armor Level 1, Terran Infantry Weapons Level 1  
  74  5:25  SCV  
  74  5:26  SCV x2  
  77  5:31  Barracks  
  77  5:33  Barracks  
  77  5:37  SCV  
  77  5:38  Marine, SCV  
  77  5:39  Marine x2  
  82  5:42  SCV  
  82  5:45  Siege Tank  
  82  5:49  SCV  
  86  5:50  SCV  
  86  5:54  SCV  
  88  5:58  Marine x3  
  88  5:59  Starport Reactor  
  91  6:10  SCV x3  
  92  6:11  Marine  
  92  6:12  Marine  
  92  6:15  Supply Depot x2  
  92  6:16  Marine, Supply Depot  
  92  6:17  Marine x2  
  97  6:20  Barracks Reactor x2  
  97  6:22  Siege Tank  
  100  6:27  Combat Shield  
  100  6:28  SCV x3  
  101  6:33  Refinery  
  101  6:36  Marine x4  
  101  6:38  Medivac, Supply Depot  
  101  6:39  Medivac, Supply Depot  
  109  6:41  Supply Depot  
  109  6:43  SCV x2  
  109  6:44  SCV  
  112  6:55  SCV x2  
  112  6:56  SCV  
  112  6:58  Armory  
  115  7:04  Marine  
  115  7:05  Marine x3  
  115  7:07  Siege Tank  
  116  7:08  Medivac x2  
  116  7:11  Command Center  
  116  7:14  Marine  
  116  7:15  Marine x3  
  124  7:22  SCV x3  
  127  7:24  Marine x5  
  127  7:25  Factory  
  127  7:28  Supply Depot  
  127  7:29  Supply Depot  
  132  7:30  Supply Depot  
  132  7:32  Marine  
  132  7:33  Marine  
  132  7:34  Marine x2  
  136  7:42  Marine x5, Widow Mine  
  143  7:46  Medivac x2  
  143  7:50  Marine  
  147  7:56  Marine x3  
  135  8:00  Marine x5  
  136  8:07  Widow Mine  
  136  8:09  Marine  
  117  8:13  Marine  
  117  8:14  Marine x2  
  117  8:16  Medivac x2  
  117  8:17  Marine, Factory Reactor  
  117  8:18  Marine x3, Marauder  
  128  8:25  Barracks  
  128  8:27  Barracks x2, Terran Infantry Weapons Level 2  
  128  8:29  SCV x3  
  128  8:32  Terran Infantry Armor Level 2  
  128  8:33  Marine  
  132  8:39  Widow Mine  
  132  8:40  Marauder  
  136  8:44  Marine x6  
  136  8:45  SCV  
  136  8:46  Medivac x2, SCV x2  
  136  8:47  Drilling Claws  
  142  8:55  Widow Mine  
  142  8:56  Widow Mine  
  142  9:00  Marine, Widow Mine  
  142  9:01  Marine, Marauder  
  142  9:02  Marine  
  149  9:05  SCV x3  
  149  9:07  Planetary Fortress  
  152  9:20  Marine  
  152  9:21  Marine x7  
  152  9:22  Marauder  
  152  9:23  SCV  
  152  9:24  SCV x2  
  159  9:25  Barracks Tech Lab x2  
  159  9:27  Barracks Tech Lab  
  160  9:42  Widow Mine  
  160  9:44  Marauder  
  160  9:46  Marauder x3  
  160  9:47  Marine x8  
  160  9:49  Liberator  
  160  9:51  Liberator  
  176  10:00  Command Center, Supply Depot  
  176  10:05  Marauder  
  180  10:07  Marauder x2  
  180  10:08  Orbital Command  
  180  10:11  Widow Mine  
  180  10:12  Widow Mine x2  
  153  10:29  Marauder x2  
  153  10:30  Marine  
  153  10:31  Marine x5  
  153  10:32  Medivac, SCV  
  153  10:33  Widow Mine x2, SCV  
  153  10:35  Marine  
  172  10:37  Widow Mine  
  172  10:44  Marine x3, Medivac  
  172  10:46  Supply Depot  
  172  10:48  Marine  
  163  10:50  Orbital Command  
  151  10:57  Marauder x2  
  151  11:02  Medivac  
  151  11:03  Marauder  
  139  11:04  Marine  
  139  11:07  Marine x6  
  126  11:12  Widow Mine x2  
  126  11:14  Marine, Medivac  
  133  11:19  Marine  
  133  11:20  Marine  
  133  11:23  Widow Mine  
  133  11:25  SCV x2  
  140  11:32  Marine x4  
  144  11:35  SCV  
  144  11:36  SCV  
  144  11:37  Planetary Fortress  
  149  11:47  Marine, Widow Mine  
  149  11:50  Marine  
  149  11:51  Marine x2  
  136  12:05  Marine  
  136  12:06  Marine x4  
  116  12:09  Widow Mine  
  116  12:12  Marine x3  
  116  12:13  Marine x3  
  116  12:15  Marine  
Show
View Real Time Build Order
Export as new Build Order

Lambo Zerg - Winner!

Build Orders: Hatch First 

Get SALT Encoding   

  12  0:00  Drone  
  13  0:12  Overlord  
  13  0:17  Drone  
  14  0:30  Drone x2  
  16  0:47  Hatchery  
  15  0:50  Drone  
  15  0:54  Drone  
  17  0:57  Drone  
  18  1:09  Extractor  
  17  1:12  Spawning Pool  
  17  1:16  Drone  
  17  1:20  Drone  
  18  1:28  Drone  
  19  1:38  Drone  
  20  1:49  Drone  
  21  1:59  Queen x2  
  21  2:00  Zergling x4  
  27  2:10  Drone  
  27  2:11  Overlord  
  28  2:22  Hatchery  
  27  2:23  Drone  
  28  2:31  Drone  
  28  2:32  Drone x2  
  31  2:38  Queen  
  33  2:44  Overlord  
  33  2:50  Drone  
  33  2:51  Metabolic Boost  
  34  2:55  Drone x2  
  36  3:02  Queen  
  38  3:06  Drone x2  
  38  3:09  Drone  
  38  3:11  Drone  
  42  3:13  Drone  
  42  3:14  Drone  
  44  3:20  Overlord  
  44  3:26  Overlord  
  44  3:33  Queen x2  
  48  3:36  Drone  
  48  3:37  Drone  
  50  3:42  Drone x2  
  50  3:48  Drone x3  
  54  3:50  Drone  
  54  3:52  Overlord  
  54  3:54  Drone x2  
  58  3:56  Extractor, Drone  
  58  3:58  Zergling x2  
  60  4:04  Overlord  
  60  4:06  Drone x2  
  60  4:09  Queen  
  62  4:12  Queen  
  62  4:16  Drone x2  
  62  4:17  Drone  
  69  4:18  Drone  
  70  4:27  Lair, Drone x4  
  70  4:30  Extractor  
  73  4:33  Drone, Baneling Nest  
  73  4:37  Zergling x2  
  74  4:42  Overlord  
  74  4:46  Overlord  
  74  4:50  Overlord  
  74  4:51  Hatchery  
  73  4:57  Zergling x2  
  71  5:03  Drone x3, Zergling x8  
  78  5:09  Queen x2  
  82  5:15  Drone x4  
  82  5:19  Extractor  
  85  5:23  Drone, Evolution Chamber x2  
  85  5:25  Centrifugal Hooks  
  85  5:26  Drone x2  
  85  5:27  Extractor  
  85  5:34  Drone x2  
  85  5:35  Queen  
  87  5:40  Drone x7  
  96  5:45  Hatchery  
  95  5:51  Drone x2  
  95  5:53  Overlord, Hatchery  
  95  5:54  Drone  
  95  5:56  Zerg Ground Armor Level 1  
  97  6:04  Zergling x12  
  97  6:06  Zergling x2  
  97  6:07  Zergling x2  
  103  6:11  Zerg Melee Weapons Level 1  
  103  6:15  Drone x5  
  103  6:18  Zergling x6  
  111  6:23  Overlord  
  111  6:25  Overlord  
  111  6:26  Overlord  
  111  6:28  Overlord  
  111  6:34  Overlord  
  111  6:36  Baneling x4  
  111  6:38  Overlord  
  111  6:46  Zergling x16  
  119  6:48  Baneling x2  
  119  6:50  Zergling x2  
  119  6:51  Zergling x2  
  121  6:57  Zergling x10  
  126  7:03  Zergling x6  
  126  7:06  Zergling x14  
  126  7:08  Drone x2  
  134  7:11  Zergling x2  
  134  7:13  Baneling x4  
  134  7:14  Drone  
  136  7:18  Drone x2  
  136  7:19  Drone x3  
  141  7:26  Baneling x3, Zergling x2  
  141  7:27  Overlord, Zergling x12  
  148  7:30  Overlord  
  148  7:31  Overlord  
  148  7:34  Baneling x5  
  148  7:35  Zergling x10  
  152  7:37  Baneling  
  152  7:38  Baneling x3  
  152  7:41  Zergling x2  
  152  7:42  Zergling x12  
  159  7:49  Zergling x8  
  150  7:56  Zergling x20  
  150  7:59  Infestation Pit, Drone  
  150  8:02  Drone x7  
  147  8:06  Zergling x2  
  147  8:07  Zergling x4  
  147  8:09  Zergling x6  
  133  8:13  Zerg Melee Weapons Level 2, Zerg Ground Armor Level 2  
  133  8:14  Zergling x2  
  133  8:15  Zergling x10  
  138  8:21  Zergling x8  
  138  8:25  Zergling x2  
  143  8:28  Baneling x11  
  143  8:30  Hatchery  
  143  8:32  Spore Crawler, Zergling x18  
  150  8:37  Zergling x6  
  150  8:38  Zergling x4  
  150  8:40  Overseer  
  155  8:42  Overlord  
  155  8:45  Overlord  
  155  8:46  Zergling x10  
  154  8:56  Zergling x20  
  154  8:59  Drone x2, Hive  
  154  9:01  Zergling x14  
  173  9:07  Zergling x4  
  173  9:08  Overseer  
  175  9:12  Baneling x11  
  175  9:14  Zergling x8  
  177  9:17  Overlord x2  
  177  9:20  Baneling x3  
  176  9:26  Baneling x6  
  176  9:30  Baneling x4  
  176  9:34  Overlord x2  
  176  9:37  Overlord  
  174  9:41  Queen  
  174  9:42  Zergling x32  
  174  9:44  Overlord  
  182  9:46  Zergling x8  
  182  9:47  Baneling x2  
  182  9:48  Baneling x10  
  182  9:51  Extractor  
  182  9:52  Zergling x14  
  192  9:57  Extractor, Zergling x14  
  196  10:01  Spore Crawler  
  196  10:04  Spore Crawler  
  194  10:10  Drone x10  
  194  10:14  Overlord, Zergling x2  
  197  10:15  Zergling x4  
  197  10:16  Overlord  
  197  10:21  Overlord  
  182  10:23  Zergling x14  
  178  10:30  Zergling x2  
  178  10:31  Zergling x16  
  186  10:36  Baneling x2  
  186  10:42  Zergling x2  
  186  10:43  Zergling x18  
  186  10:47  Zergling x10  
  186  10:49  Overlord  
  193  10:55  Zergling x22  
  190  11:01  Zergling x2  
  190  11:02  Zergling x6  
  181  11:04  Zergling x4  
  181  11:08  Zergling x6  
  162  11:12  Drone x2, Ultralisk Cavern  
  162  11:13  Extractor  
  162  11:14  Zergling x2  
  162  11:17  Zergling x4  
  162  11:18  Overseer  
  164  11:19  Baneling x9  
  164  11:22  Zergling x8  
  164  11:23  Zergling x6  
  169  11:32  Pneumatized Carapace, Overseer  
  168  11:34  Zergling x18  
  177  11:41  Zergling x12  
  177  11:43  Queen x2  
  185  11:48  Zergling x4  
  185  11:49  Queen x2  
  185  11:52  Hatchery  
  185  11:53  Zergling x8  
  185  11:54  Baneling x5, Zergling x8  
  193  11:56  Zergling x2  
  193  11:57  Zergling x2  
  193  12:00  Zergling x6  
  193  12:01  Zergling x2  
  192  12:03  Zergling x4  
  192  12:06  Zergling x4  
  192  12:08  Overlord  
  183  12:14  Zergling x12  
  183  12:24  Baneling  
  183  12:25  Spawning Pool  

Tags
 
Add a new tag
Caveats
  • Supply blocks, unpowered buildings, or Contaminate may cause inaccurate times.
  • Supply counts are checked every 10 seconds.